 Dungeon Crawl Stone Soup version 0.29-a0-529-gfa20dd96a1 (webtiles) character file.

Game seed: 9984611660793926321

1959 sanka the Caller (level 9, -2/67 HPs)
             Began as a Gnoll Summoner on June 1, 2022.
             Was a Follower of Ashenzari.
             Slain by Duvessa
             ... wielding a +3 short sword of speed
              (17 damage)
             ... on level 6 of the Dungeon.
             The game lasted 00:18:19 (7454 turns).

sanka the Caller (Gnoll Summoner)                   Turns: 7454, Time: 00:18:20

Health: -2/67      AC:  5    Str: 10    XL:     9   Next: 19%
Magic:  15/20      EV: 14    Int: 15    God:    Ashenzari [*.....]
Gold:   356        SH:  0    Dex: 14    Spells: 13/22 levels left

rFire   + . .      SeeInvis .   a - +8 dagger "Vacsonon" {vamp, rPois rF+}
rCold   . . .      Faith    .   (no shield)
rNeg    . . .      Spirit   .   y - +0 robe
rPois   +          Reflect  .   s - +0 helmet "Eternal Oracle" {Elem, Bglg} (curse)
rElec   .          Harm     .   x - +0 cloak
rCorr   .          Rampage  .   (no gloves)
Will    +....                   B - +0 pair of boots
Stlth   +++.......              (no amulet)
HPRegen 0.21/turn               (no ring)
MPRegen 0.17/turn               i - ring of the Esoteric God {Will+, Alch, Self} (curse)

@: no status effects
A: fangs 1, strong nose, distributed training
a: Renounce Religion, Shatter the Chains


You were on level 6 of the Dungeon.
You worshipped Ashenzari.
Ashenzari was aware of your devotion.
You visited 2 branches of the dungeon, and saw 7 of its levels.

You collected 356 gold pieces.


Innate Abilities, Weirdness & Mutations

You have very sharp teeth.
Your uncanny sense of smell can sniff out nearby items.
Your experience applies equally to all skills.


   Skills:
 + Level 4.0(4.8) Fighting
 + Level 4.0 Short Blades
 + Level 4.0 Long Blades
 + Level 4.0 Axes
 + Level 4.0 Maces & Flails
 + Level 4.0 Polearms
 + Level 4.0 Staves
 + Level 4.0 Slings
 + Level 4.0 Bows
 + Level 4.0 Crossbows
 + Level 4.0 Throwing
 + Level 4.0 Armour
 + Level 6.1 Dodging
 + Level 5.8 Stealth
 + Level 4.0 Shields
 + Level 4.0 Unarmed Combat
 + Level 6.5(7.3) Spellcasting
 + Level 3.3(4.1) Conjurations
 + Level 3.3(4.1) Hexes
 + Level 7.9 Summonings
 + Level 3.3 Necromancy
 + Level 3.3(4.1) Translocations
 + Level 3.3(4.1) Transmutations
 + Level 3.3(4.1) Fire Magic
 + Level 3.3(4.1) Ice Magic
 + Level 3.3(4.1) Air Magic
 + Level 3.3(4.1) Earth Magic
 + Level 3.3(4.1) Poison Magic
 + Level 4.4 Invocations
 + Level 4.0 Evocations


You had 13 spell levels left.
You knew the following spells:

 Your Spells              Type           Power      Damage    Failure   Level
c - Call Canine Familiar  Summ           29%        N/A       1%          3
v - Spider Form           Tmut/Pois      17%        N/A       7%          3
x - Call Imp              Summ           29%        N/A       1%          2
z - Summon Small Mammal   Summ           100%       N/A       1%          1

Your spell library contained the following spells:

 Spells                   Type           Power      Damage    Failure   Level
 Beastly Appendage        Tmut           34%        N/A       2%          1
 Wereblood                Tmut           17%        N/A       3%          2
 Summon Guardian Golem    Hex/Summ       23%        N/A       3%          3
 Summon Lightning Spire   Summ/Air       23%        N/A       11%         4

Inventory:

Hand Weapons
 a - the +8 dagger "Vacsonon" (weapon) {vamp, rPois rF+}

   It occasionally heals its wielder for a portion of the damage dealt when it
   wounds a living foe.
   rF:        It protects you from fire.
   rPois:     It protects you from poison.
 b - a +0 battleaxe
 C - a +0 halberd
 F - a +0 morningstar
Missiles
 c - 5 javelins
 g - 2 throwing nets {=f}
 k - 31 poisoned darts
Armour
 l - a +0 kite shield
 s - the cursed +0 helmet "Eternal Oracle" (worn) {Elem, Bglg}

   It has a curse which improves the following skills: Elements: Fire Magic, Ice
   Magic, Air Magic and Earth Magic.
   Beguiling: Conjurations, Hexes and Translocations.
 x - a +0 cloak (worn)
 y - a +0 robe (worn)
 B - a +0 pair of boots (worn)
 J - a +0 helmet
Magical Staves
 w - a staff of conjuration {!a}
 D - a staff of fire
Jewellery
 i - the cursed ring of the Esoteric God (right hand) {Will+, Alch, Self}

   [ring of willpower]

   Will:      It increases your willpower.
   It has a curse which improves the following skills: Alchemy: Poison Magic and
   Transmutations.
   Introspection: Fighting and Spellcasting.
Wands
 m - a wand of flame (29)
 G - a wand of iceblast (3)
 H - a wand of paralysis (6)
Scrolls
 d - 2 scrolls of noise {!r}
 h - a scroll of magic mapping
 n - a scroll of amnesia
 t - 2 scrolls of enchant armour
 v - a scroll of immolation {!r}
 A - 2 scrolls of teleportation {@r4}
 I - a scroll of identify {@r1}
Potions
 e - 2 potions of magic
 f - a potion of mutation {!q}
 j - 3 potions of curing {@q1}
 o - 3 potions of lignification {!q}
 p - a potion of degeneration {!q}
 q - a potion of brilliance
 r - 2 potions of resistance
 u - 2 potions of ambrosia
 z - 2 potions of heal wounds {@q2}
 E - a potion of might

Dungeon Overview and Level Annotations

Branches:
Dungeon (6/15)             Temple (1/1) D:5

Altars:
Ashenzari
Cheibriados
Dithmenos
Fedhas
Gozag
Kikubaaqudgha
Makhleb
Nemelex Xobeh
Qazlal
Ru
Uskayaw
Yredelemnul
Zin
The Shining One

Annotations:
D:6 Duvessa

▒............▒ ▒......▒
▒▒.▒▒▒▒<▒▒▒▒▒.▒ ▒.▒▒.▒.▒
▒...▒ ▒.......▒ ▒.▒▒.▒.▒
▒▒...▒▒▒▒▒▒▒▒▒▒▒▒▒▒.▒....▒
▒...)..▒ ▒.......▒.▒▒.▒.▒▒▒
▒>▒.▒▒.▒▒▒▒.....▒.▒.▒▒...▒..
▒.▒.▒▒.▒..........▒.........
▒.▒..▒.▒.▒▒'▒▒▒▒▒.▒▒▒▒▒..▒..
▒.▒▒.▒.▒.▒5g.▒ ▒.▒ ▒..▒▒▒
▒.▒▒.▒.▒.▒)e.+ ▒†▒▒▒▒▒..▒
▒........▒h..▒ ▒........▒
▒▒▒▒.▒.▒.▒...+ ▒.▒▒▒▒▒.▒▒
▒...▒.▒⌠8⌠▒ ▒.▒ ▒.▒
▒▒▒.▒.▒▒▒▒▒▒▒▒.▒▒▒▒▒.▒
▒..................▒
▒▒......▒▒▒...▒▒▒▒▒▒
▒▒▒▒▒▒▒▒ ▒▒▒▒▒


You could see Duvessa (berserk, ally target), a friendly hound (summoned) and a
friendly white imp (summoned).


Message History

Duvessa is lightly wounded.
Duvessa hits you with a +3 short sword of speed!
Duvessa barely misses you.
A beastly little devil appears in a puff of frigid air.
Duvessa completely misses you.
Duvessa hits you with a +3 short sword of speed.
Duvessa hits you with a +3 short sword of speed!
Unknown command.
Duvessa hits you with a +3 short sword of speed!
Duvessa hits you with a +3 short sword of speed!
* * * LOW HITPOINT WARNING * * *
Your white imp hits Duvessa but does no damage.
Unknown command.
You hit Duvessa.
Duvessa is lightly wounded.
Duvessa closely misses you.
Your hound closely misses Duvessa.
You barely miss Duvessa.
Duvessa is lightly wounded.
Duvessa hits you with a +3 short sword of speed!!
* * * LOW HITPOINT WARNING * * *
Your white imp closely misses Duvessa.
Your hound bites Duvessa.
Duvessa closely misses you.
Unknown command.
You closely miss Duvessa. You bite Duvessa, but do no damage.
Duvessa is moderately wounded.
Duvessa hits you with a +3 short sword of speed!
You die...

Action                   |  1- 3 |  4- 6 |  7- 9 || total
-------------------------+-------+-------+-------++-------
Melee: Dagger            |    37 |   113 |   120 ||   270
       Unarmed           |     3 |       |    52 ||    55
       Bite              |     2 |    12 |    10 ||    24
       Punch             |       |     3 |     1 ||     4
Throw: Dart              |     5 |       |       ||     5
 Cast: Summon Small Mamm |    16 |       |       ||    16
       Call Imp          |     4 |    13 |    17 ||    34
       Call Canine Famil |       |     5 |    17 ||    22
       Spider Form       |       |       |     8 ||     8
Invok: Curse Item        |       |       |     2 ||     2
  Use: Scroll            |       |     5 |     5 ||    10
       Potion            |       |       |     1 ||     1
 Stab: Sleeping          |     5 |     3 |     7 ||    15
       Distracted        |     1 |     1 |     1 ||     3
Armor: Robe              |     6 |    20 |    20 ||    46
       Skin              |       |       |     4 ||     4
Dodge: Dodged            |    30 |    73 |   100 ||   203

Levels and vault maps discovered:
D:1:      dpeg_arrival_tiny_i, layout_basic, basic_ecumenical_altar
D:2:      layout_rooms, grunt_ministairs_11, uniq_sigmund, uniq_robin
D:3:      layout_loops_ring, slow_altar_1, jmf_multi_god_temple, chequers_jeans,
          minivault_27
D:4:      layout_rooms, uniq_blork_the_orc, uniq_grinder, uniq_ijyb
D:5:      layout_loops_ring, mainiacjoe_overflow_24_doors,
          minmay_temple_entry_poolview, uniq_prince_ribbit1
D:6:      dreamdust_elfheim, layout_loops_cross
Temple:   cyrus_temple_forest

Notes
Turn   | Place    | Note
-------+----------+-------------------------------------------
     0 | D:1      | sanka the Gnoll Summoner began the quest for the Orb.
     0 | D:1      | Reached XP level 1. HP: 13/13 MP: 6/6
   267 | D:1      | Found a faded altar of an unknown god.
   278 | D:1      | Reached XP level 2. HP: 19/19 MP: 4/7
   303 | D:1      | Learned a level 2 spell: Call Imp
   918 | D:2      | Reached skill level 5 in Spellcasting
   918 | D:2      | Reached XP level 3. HP: 21/25 MP: 4/9
  1219 | D:2      | Noticed Sigmund
  1250 | D:2      | Killed Sigmund
  1251 | D:2      | Reached skill level 1 in Fighting
  1251 | D:2      | Reached skill level 1 in Short Blades
  1251 | D:2      | Reached skill level 1 in Long Blades
  1251 | D:2      | Reached skill level 1 in Axes
  1251 | D:2      | Reached skill level 1 in Maces & Flails
  1251 | D:2      | Reached skill level 1 in Polearms
  1251 | D:2      | Reached skill level 1 in Staves
  1251 | D:2      | Reached skill level 1 in Slings
  1251 | D:2      | Reached skill level 1 in Bows
  1251 | D:2      | Reached skill level 1 in Crossbows
  1251 | D:2      | Reached skill level 1 in Throwing
  1251 | D:2      | Reached skill level 1 in Armour
  1251 | D:2      | Reached skill level 1 in Shields
  1251 | D:2      | Reached skill level 1 in Unarmed Combat
  1251 | D:2      | Reached skill level 1 in Conjurations
  1251 | D:2      | Reached skill level 1 in Hexes
  1251 | D:2      | Reached skill level 1 in Necromancy
  1251 | D:2      | Reached skill level 1 in Translocations
  1251 | D:2      | Reached skill level 1 in Transmutations
  1251 | D:2      | Reached skill level 1 in Fire Magic
  1251 | D:2      | Reached skill level 1 in Ice Magic
  1251 | D:2      | Reached skill level 1 in Air Magic
  1251 | D:2      | Reached skill level 1 in Earth Magic
  1251 | D:2      | Reached skill level 1 in Poison Magic
  1251 | D:2      | Reached skill level 1 in Invocations
  1251 | D:2      | Reached skill level 1 in Evocations
  1251 | D:2      | Reached XP level 4. HP: 10/32 MP: 7/11
  1251 | D:2      | Reached XP level 5. HP: 12/37 MP: 7/12
  1650 | D:2      | Learned a level 3 spell: Call Canine Familiar
  1768 | D:2      | Noticed Robin
  2093 | D:2      | Killed Robin
  2351 | D:2      | Reached skill level 2 in Invocations
  2351 | D:2      | Reached XP level 6. HP: 34/44 MP: 13/13
  2764 | D:3      | Found a basalt altar of Yredelemnul.
  2764 | D:3      | Found a burning altar of Makhleb.
  3053 | D:3      | Found a snail-covered altar of Cheibriados.
  3283 | D:3      | Identified the +8 dagger "Vacsonon" {vamp, rPois rF+}
  3655 | D:4      | Noticed Grinder
  3806 | D:4      | Killed Grinder
  3807 | D:4      | Reached skill level 2 in Fighting
  3807 | D:4      | Reached skill level 2 in Short Blades
  3807 | D:4      | Reached skill level 2 in Long Blades
  3807 | D:4      | Reached skill level 2 in Axes
  3807 | D:4      | Reached skill level 2 in Maces & Flails
  3807 | D:4      | Reached skill level 2 in Polearms
  3807 | D:4      | Reached skill level 2 in Staves
  3807 | D:4      | Reached skill level 2 in Slings
  3807 | D:4      | Reached skill level 2 in Bows
  3807 | D:4      | Reached skill level 2 in Crossbows
  3807 | D:4      | Reached skill level 2 in Throwing
  3807 | D:4      | Reached skill level 2 in Armour
  3807 | D:4      | Reached skill level 5 in Dodging
  3807 | D:4      | Reached skill level 2 in Shields
  3807 | D:4      | Reached skill level 2 in Unarmed Combat
  3807 | D:4      | Reached skill level 2 in Evocations
  3807 | D:4      | Reached XP level 7. HP: 17/50 MP: 11/15
  3928 | D:4      | Noticed Blork the orc
  4022 | D:4      | Noticed Ijyb
  4030 | D:4      | Killed Blork the orc
  4031 | D:4      | Reached skill level 2 in Conjurations
  4031 | D:4      | Reached skill level 2 in Hexes
  4031 | D:4      | Reached skill level 2 in Necromancy
  4031 | D:4      | Reached skill level 2 in Translocations
  4031 | D:4      | Reached skill level 2 in Transmutations
  4031 | D:4      | Reached skill level 2 in Fire Magic
  4031 | D:4      | Reached skill level 2 in Ice Magic
  4031 | D:4      | Reached skill level 2 in Air Magic
  4031 | D:4      | Reached skill level 2 in Earth Magic
  4031 | D:4      | Reached skill level 2 in Poison Magic
  4231 | D:4      | Killed Ijyb
  4470 | D:4      | Reached skill level 5 in Stealth
  4799 | D:5      | Entered Level 5 of the Dungeon
  4864 | D:5      | Found a staircase to the Ecumenical Temple.
  4874 | Temple   | Entered the Ecumenical Temple
  4951 | Temple   | Became a worshipper of Ashenzari the Shackled
  5040 | D:5      | Reached skill level 3 in Invocations
  5150 | D:5      | Reached XP level 8. HP: 44/57 MP: 16/16
  5337 | D:5      | Found a glowing silver altar of Zin.
  5366 | D:5      | Reached skill level 3 in Fighting
  5366 | D:5      | Reached skill level 3 in Short Blades
  5366 | D:5      | Reached skill level 3 in Long Blades
  5366 | D:5      | Reached skill level 3 in Axes
  5366 | D:5      | Reached skill level 3 in Maces & Flails
  5366 | D:5      | Reached skill level 3 in Polearms
  5366 | D:5      | Reached skill level 3 in Staves
  5366 | D:5      | Reached skill level 3 in Slings
  5366 | D:5      | Reached skill level 3 in Bows
  5366 | D:5      | Reached skill level 3 in Crossbows
  5366 | D:5      | Reached skill level 3 in Throwing
  5366 | D:5      | Reached skill level 3 in Armour
  5366 | D:5      | Reached skill level 3 in Shields
  5366 | D:5      | Reached skill level 3 in Unarmed Combat
  5366 | D:5      | Reached skill level 3 in Evocations
  5381 | D:5      | Noticed Prince Ribbit
  5398 | D:5      | Killed Prince Ribbit
  5399 | D:5      | Reached skill level 6 in Spellcasting
  6331 | D:6      | Identified 2 potions of resistance
  6380 | D:6      | Learned a level 3 spell: Spider Form
  6480 | D:6      | Reached skill level 3 in Conjurations
  6480 | D:6      | Reached skill level 3 in Hexes
  6480 | D:6      | Reached skill level 3 in Necromancy
  6480 | D:6      | Reached skill level 3 in Translocations
  6480 | D:6      | Reached skill level 3 in Transmutations
  6480 | D:6      | Reached skill level 3 in Fire Magic
  6480 | D:6      | Reached skill level 3 in Ice Magic
  6480 | D:6      | Reached skill level 3 in Air Magic
  6480 | D:6      | Reached skill level 3 in Earth Magic
  6480 | D:6      | Reached skill level 3 in Poison Magic
  6480 | D:6      | Reached skill level 4 in Invocations
  6721 | D:6      | Reached skill level 6 in Dodging
  6743 | D:6      | HP: 5/60 [ogre/+0 giant club (28)]
  6746 | D:6      | Reached XP level 9. HP: 6/65 MP: 16/19
  7334 | D:6      | Reached * piety under Ashenzari
  7438 | D:6      | Reached skill level 4 in Fighting
  7438 | D:6      | Reached skill level 4 in Short Blades
  7438 | D:6      | Reached skill level 4 in Long Blades
  7438 | D:6      | Reached skill level 4 in Axes
  7438 | D:6      | Reached skill level 4 in Maces & Flails
  7438 | D:6      | Reached skill level 4 in Polearms
  7438 | D:6      | Reached skill level 4 in Staves
  7438 | D:6      | Reached skill level 4 in Slings
  7438 | D:6      | Reached skill level 4 in Bows
  7438 | D:6      | Reached skill level 4 in Crossbows
  7438 | D:6      | Reached skill level 4 in Throwing
  7438 | D:6      | Reached skill level 4 in Armour
  7438 | D:6      | Reached skill level 4 in Shields
  7438 | D:6      | Reached skill level 4 in Unarmed Combat
  7438 | D:6      | Reached skill level 4 in Evocations
  7445 | D:6      | Noticed Duvessa
  7445 | D:6      | Noticed Dowan
  7448 | D:6      | Killed Dowan
  7454 | D:6      | Slain by Duvessa

Vanquished Creatures
  Sigmund (D:2)
  2 ogres (D:6)
  Blork the orc (D:4)
  A kobold brigand (D:5)
  A phantom (D:5)
  A necrophage (D:6)
  A bullfrog (D:6)
  2 scorpions
  Dowan (D:6)
  A hound (D:6)
  2 jellies (D:6)
  An orc priest (D:6)
  Ijyb (D:4)
  3 iguanas
  3 orc wizards (D:6)
  Robin (D:2)
  4 gnolls (D:6)
  3 adders
  A shadow imp (D:6)
  A worm (D:2)
  A dart slug (D:5)
  9 orcs
  5 ball pythons
  4 endoplasms
  2 giant cockroaches
  7 goblins
  8 hobgoblins
  A jackal (D:3)
  4 quokkas
  A bat (D:3)
  5 frilled lizards
  7 kobolds
  2 rats
88 creatures vanquished.

Vanquished Creatures (collateral kills)
  Grinder (D:4)
  Prince Ribbit (D:5)
  A necrophage (D:6)
  An orc priest (D:4)
  2 hounds (D:6)
  A gnoll shaman (D:6)
  An orc wizard (D:4)
  3 adders
  2 worms (D:3)
  7 orcs
  A ball python (D:3)
  An endoplasm (D:3)
  7 goblins
  A hobgoblin (D:2)
  2 jackals (D:3)
  A quokka (D:4)
  A bat (D:1)
  A frilled lizard (D:2)
  2 kobolds
  3 rats
40 creatures vanquished.

Vanquished Creatures (others)
  An orc wizard (D:6)
1 creature vanquished.

Grand Total: 129 creatures vanquished
